AoeStats
← carlosddtf

QS Arena

503576884Analyzed
1v1 RM · 1mo ago on Sep 1, 2026· 57m 55s· 2 players
Game mode
Random Map
Map size
Tiny (2 player)
Population
200
Speed
Normal
Resources
Standard
Victory
Conquest
Starting age
Dark Age
Ending age
Imperial Age
RankedLock teamsTeams togetherTeam positionsShared explorationLock speedFull tech treeHidden civsTurbo modeCheats
Victory
Defeat
🇪🇸 Spanish · Spain
806
+17
🇺🇿 Berbers · Uzbekistan
826
-17
carlosddtf
0:40 Loom
10:17 Feudal Age
11:06 Double-Bit Axe
13:26 Wheelbarrow
21:37 Castle Age
20:14 Stone Mining
20:17 Gold Mining
20:21 Fletching
20:13 Horse Collar
22:22 Bloodlines
22:58 Hand Cart
23:25 Stone Shaft Mining
23:49 Bow Saw
23:27 Town Watch
24:20 Husbandry
26:23 Bodkin Arrow
28:11 Murder Holes
30:20 Heavy Plow
34:02 Imperial Age
32:21 Ballistics
31:25 Elite Skirmisher
31:40 Pikeman
32:22 Squires
32:10 Arson
33:36 Forging
33:28 Scale Mail Armor
33:34 Scale Barding Armor
34:02 Thumb Ring
34:27 Town Patrol
35:45 Chemistry
34:21 Light Cavalry
36:07 Conscription
38:06 Iron Casting
37:37 Halberdier
38:37 Chain Mail Armor
40:26 Blast Furnace
39:28 Padded Archer Armor
40:54 Plate Mail Armor
40:48 Chain Barding Armor
41:17 Bracer
42:35 Leather Archer Armor
43:11 Hussar
44:57 Supremacy
47:38 Ring Archer Armor
47:44 Plate Barding Armor
Wanderer
8:22 Feudal Age
12:27 Castle Age
10:34 Double-Bit Axe
10:51 Horse Collar
14:05 Wheelbarrow
14:12 Bow Saw
14:26 Fervor
22:47 Loom
29:11 Imperial Age
28:28 Hand Cart
28:33 Treadmill Crane
29:14 Ballistics
29:05 Masonry
29:10 Fortified Wall
29:11 Masonry
29:24 Ballistics
29:14 Masonry
29:10 Kasbah
30:25 Conscription
30:06 Fletching
30:16 Padded Archer Armor
30:30 Guilds
30:35 Thumb Ring
30:47 Heavy Plow
31:31 Bodkin Arrow
31:52 Leather Archer Armor
32:51 Chemistry
32:22 Bloodlines
32:28 Bracer
31:59 Elite Camel Archer
34:01 Crop Rotation
34:18 Gold Mining
35:06 Siege Engineers
35:16 Husbandry
34:41 Light Cavalry
37:15 Ring Archer Armor
36:53 Scale Barding Armor
37:40 Gold Shaft Mining
36:38 Elite Camel Archer
37:53 Hoardings
38:06 Hoardings
38:49 Forging
39:01 Chain Barding Armor
40:45 Hussar
43:16 Plate Barding Armor
43:17 Iron Casting
45:18 Town Watch
46:37 Town Patrol
46:48 Maghrebi Camels
47:56 Blast Furnace
47:21 Heavy Scorpion
52:39 Redemption
52:31 Herbal Medicine
Connection lost

Rejoining the realm…

Still unreachable

The connection could not be restored.

Session expired

The server has moved on; the page needs a fresh start.